Map: Redshift LE

Players

Optimus

  • Race: Terran Terran
  • Spawn Location: 7:00

Bly - Winner!

  • Race: Zerg Zerg
  • Spawn Location: 11:00

Event: WCS Valencia 2018

VOD

Have the link to the VOD?

Description

Time

  • Played on: July 12, 2018, 11:32 a.m.
  • Length: 8:57

All games in this series

Show
View Real Time Build Order
Export as new Build Order

Optimus Terran 

Build Orders: Reaper Expand 

Get SALT Encoding   

  12  0:00  SCV  
  13  0:12  SCV  
  14  0:17  Supply Depot  
  14  0:24  SCV  
  15  0:38  SCV  
  15  0:40  Barracks  
  16  0:44  Refinery  
  16  0:50  SCV  
  17  1:02  SCV  
  18  1:15  SCV  
  19  1:27  Reaper  
  19  1:28  Orbital Command  
  20  1:45  Command Center  
  20  1:49  Supply Depot  
  20  1:53  SCV  
  21  1:59  Marine  
  22  2:04  Factory  
  23  2:08  SCV  
  23  2:12  Refinery  
  23  2:20  SCV  
  23  2:21  Barracks Reactor  
  23  2:41  SCV  
  21  2:53  SCV  
  21  2:56  Hellion  
  24  3:00  Starport  
  24  3:01  Marine x2  
  24  3:05  SCV  
  27  3:12  Orbital Command  
  27  3:17  SCV  
  27  3:19  Marine  
  29  3:20  Marine  
  30  3:28  Cyclone  
  30  3:30  SCV  
  34  3:38  SCV  
  35  3:41  Medivac  
  35  3:42  SCV  
  35  3:47  Marine x2  
  40  3:50  SCV  
  40  3:54  SCV  
  42  3:57  Supply Depot  
  42  4:01  Factory Tech Lab  
  42  4:02  SCV  
  43  4:07  Marine x2  
  43  4:09  SCV  
  46  4:12  Liberator  
  43  4:25  SCV  
  43  4:29  Marine x2  
  48  4:32  SCV  
  48  4:36  Supply Depot  
  48  4:37  SCV, Siege Tank  
  53  4:44  SCV  
  54  4:49  Marine  
  54  4:58  SCV x2, Marine  
  56  5:10  SCV x2  
  46  5:22  SCV x2  
  46  5:24  Barracks  
  47  5:33  Command Center  
  47  5:34  SCV x2  
  44  5:41  Stimpack, Marine  
  45  5:44  Starport Reactor  
  45  5:46  SCV x2, Factory Tech Lab  
  45  5:49  Barracks  
  47  5:58  SCV x2  
  47  5:59  Marine  
  50  6:05  Siege Tank  
  50  6:10  SCV x2  
  55  6:17  Marine  
  56  6:23  SCV x2  
  58  6:26  Engineering Bay  
  58  6:27  Engineering Bay, Starport Reactor  
  58  6:31  Marine x2, Refinery  
  60  6:35  SCV x2  
  62  6:44  Marine  
  62  6:46  Orbital Command  
  65  6:47  SCV x2, Siege Tank  
  65  6:48  Marine x2  
  65  6:49  Marine  
  71  6:59  SCV, Terran Infantry Weapons Level 1, Marine  
  71  7:00  SCV  
  74  7:02  Marine  
  74  7:03  Terran Infantry Armor Level 1  
  74  7:07  Refinery  
  75  7:11  SCV  
  74  7:16  Barracks  
  74  7:17  Orbital Command, Barracks  
  74  7:24  Medivac  
  74  7:25  Medivac  
  77  7:34  Supply Depot  
  77  7:35  Supply Depot x2  
  77  7:47  Supply Depot  
  77  7:50  Supply Depot  
  77  7:55  SCV x3, Marine x2, Siege Tank  
  77  7:56  Marine x2  
  87  8:00  Supply Depot  
  87  8:01  Armory  
  87  8:08  SCV x2, Barracks Reactor  
  87  8:09  Barracks Tech Lab  
  87  8:10  Barracks Tech Lab  
  87  8:12  SCV  
  90  8:15  Marine x5  
  89  8:20  SCV x2  
  89  8:24  SCV  
  88  8:33  SCV x2, Marine  
  95  8:42  SCV  
Show
View Real Time Build Order
Export as new Build Order

Bly Zerg - Winner!

Build Orders: Pool First 

Get SALT Encoding   

  12  0:01  Drone  
  13  0:12  Overlord  
  13  0:17  Drone  
  14  0:30  Drone x2  
  16  0:40  Spawning Pool  
  15  0:44  Drone  
  15  0:47  Drone  
  17  1:08  Extractor  
  17  1:10  Hatchery  
  15  1:13  Drone  
  15  1:18  Drone  
  17  1:28  Zergling x4  
  19  1:33  Queen  
  21  1:40  Overlord  
  21  1:51  Drone  
  22  2:03  Drone  
  23  2:08  Queen  
  23  2:11  Drone  
  26  2:16  Metabolic Boost  
  26  2:21  Drone  
  27  2:28  Overlord  
  27  2:31  Spore Crawler  
  27  2:34  Queen  
  27  2:45  Overlord  
  27  2:50  Overlord  
  28  2:54  Drone x3  
  28  2:57  Overlord  
  30  3:06  Overlord  
  30  3:14  Drone x3  
  30  3:18  Drone x2  
  35  3:22  Drone x2  
  37  3:30  Drone x2  
  39  3:41  Hatchery  
  39  3:44  Zergling x2  
  39  3:45  Zergling x4  
  41  3:50  Zergling x6  
  44  3:56  Overlord  
  44  3:59  Drone x3  
  47  4:05  Queen  
  49  4:10  Drone x2  
  49  4:16  Extractor  
  50  4:17  Extractor, Roach Warren  
  46  4:24  Zergling x10  
  46  4:28  Zergling x2  
  51  4:32  Zergling x2  
  52  4:40  Drone  
  52  4:41  Drone  
  54  4:49  Drone  
  54  4:55  Drone x2  
  54  4:56  Overlord  
  54  4:58  Overlord  
  56  5:12  Lair, Drone x5  
  56  5:31  Drone x5  
  58  5:42  Roach x7  
  71  5:49  Roach x2  
  75  5:52  Extractor, Evolution Chamber  
  75  5:53  Roach  
  75  5:57  Spore Crawler  
  74  6:04  Ravager x2  
  74  6:05  Roach, Ravager  
  74  6:06  Roach x7  
  92  6:18  Drone  
  92  6:20  Glial Reconstitution  
  92  6:21  Overlord  
  92  6:23  Drone x3  
  92  6:24  Drone x2  
  96  6:33  Drone x2  
  96  6:34  Overlord x4  
  96  6:36  Extractor  
  96  6:38  Overlord  
  97  6:44  Overlord  
  97  6:49  Overlord  
  97  6:50  Zerg Ground Armor Level 1  
  97  6:51  Drone  
  97  6:52  Drone  
  97  7:10  Drone  
  97  7:11  Drone x6  
  97  7:14  Roach x5  
  114  7:19  Hatchery  
  114  7:21  Roach x3  
  114  7:22  Roach  
  121  7:28  Roach x2  
  121  7:29  Infestation Pit  
  124  7:30  Overseer  
  124  7:39  Roach x5  
  134  7:46  Evolution Chamber  
  134  7:47  Zergling x8  
  134  7:51  Overlord  
  137  7:56  Overlord  
  137  8:01  Roach x5  
  137  8:04  Drone x3  
  150  8:08  Extractor  
  150  8:09  Overlord  
  149  8:12  Overlord  
  148  8:30  Roach x10  
  168  8:37  Overlord  
  168  8:38  Overlord  
Tags
 
Add a new tag
Caveats
  • Supply blocks, unpowered buildings, or Contaminate may cause inaccurate times.
  • Supply counts are checked every 10 seconds.